 Dungeon Crawl Stone Soup version 0.21-a0-356-g45b0a09 (webtiles) character file.

160 Hasart the Chiller (level 5, 0/31 HPs)
             Began as an Octopode Ice Elementalist on Oct 13, 2017.
             Was an Initiate of Gozag.
             Slain by a bullfrog (8 damage)
             ... on level 3 of the Dungeon.
             The game lasted 00:06:01 (3076 turns).

Hasart the Chiller (Octopode Ice Elementalist)      Turns: 3076, Time: 00:06:01

Health: 0/31       AC:  1    Str:  8    XL:     5   Next: 41%
Magic:  7/9        EV: 13    Int: 18    God:    Gozag
Gold:   301        SH:  0    Dex: 12    Spells: 2/10 levels left

rFire    . . .     SeeInvis +   f - +3 war axe
rCold    . . .     Gourm    .   (no shield)
rNeg     . . .     Faith    .   (helmet restricted)
rPois    +         Spirit   .   (no amulet)
rElec    .         Reflect  .   g - ring of see invisible
rCorr    .         Harm     .   s - ring of poison resistance
MR       .....                  (no ring)
Stlth    +++.......             (no ring)
HPRegen  0.10/turn              (no ring)
MPRegen  0.11/turn              (no ring)
                                (no ring)
                                (no ring)

@: gold aura
A: almost no armour, stealthy swim, amphibious, 8 rings, constrict 8, camouflage
1, gelatinous body 1
a: Potion Petition, Call Merchant, Bribe Branch, Renounce Religion


You were on level 3 of the Dungeon.
You worshipped Gozag.
Gozag was aware of your devotion.
You were not hungry.

You visited 1 branch of the dungeon, and saw 3 of its levels.

You collected 326 gold pieces.
You paid 25 gold pieces to Gozag.

Inventory:

Hand Weapons
 f - a +3 war axe (weapon)
Jewellery
 g - a ring of see invisible (left tentacle)
 s - a ring of poison resistance (right tentacle)
Wands
 n - a wand of digging (12/24)
Scrolls
 c - a scroll of immolation {unknown}
 d - 3 scrolls of enchant weapon {unknown}
 h - a scroll of teleportation {unknown}
 k - a scroll of enchant armour {unknown}
 o - 4 scrolls of identify {unknown}
 p - 2 scrolls of random uselessness {unknown}
 q - a scroll of amnesia {unknown}
 r - a scroll of fog {unknown}
Potions
 e - 2 potions of heal wounds {unknown}
 j - a potion of might {unknown}
 l - a potion of flight {unknown}
 m - a potion of agility {unknown}
 t - a potion of ambrosia {unknown}
 u - a potion of curing {unknown}
Books
 a - a book of Frost

   Spells                             Type                      Level
   a - Freeze                         Ice                          1
   b - Throw Frost                    Conjuration/Ice              2
   c - Ozocubu's Armour               Charms/Ice                   3
   d - Throw Icicle                   Conjuration/Ice              4
   e - Summon Ice Beast               Ice/Summoning                4
Comestibles
 b - 5 bread rations
 i - 2 royal jellies


   Skills:
 - Level 2.0 Dodging
 - Level 2.6 Stealth
 + Level 3.2 Spellcasting
 - Level 1.0 Conjurations
 * Level 5.1 Ice Magic


You had 2 spell levels left.
You knew the following spells:

 Your Spells              Type           Power        Failure   Level  Hunger
a - Freeze                Ice            ###.         1%          1    None
b - Throw Icicle          Conj/Ice       ##......     41%         4    ####...
c - Ozocubu's Armour      Chrm/Ice       ##......     17%         3    ###....


Dungeon Overview and Level Annotations

Branches:
Dungeon (3/15)

Altars:
Gozag
Nemelex Xobeh


Innate Abilities, Weirdness & Mutations

You cannot wear most types of armour.
You are very stealthy in the water. (Stealth+)
You are amphibious.
You can wear up to eight rings at the same time.
You can use your tentacles to constrict eight enemies at once.
Your skin changes colour to match your surroundings (Stealth+).
Your rubbery body absorbs attacks. (AC +1, EV +1)


Message History

You are too injured to fight recklessly!
Unknown command.
Casting: Ozocubu's Armour
Confirm with . or Enter, or press ? or * to list all spells.
Aiming: Freeze
Press: ? - help, Shift-Dir - straight line, f - bullfrog
Aim: a bullfrog You freeze the bullfrog.
The bullfrog is lightly wounded.
The bullfrog closely misses you.
Casting: Freeze
Confirm with . or Enter, or press ? or * to list all spells.
Aiming: Freeze
Press: ? - help, Shift-Dir - straight line, f/p - bullfrog
Aim: a bullfrog (lightly wounded)
You freeze the bullfrog.
The bullfrog is moderately wounded.
The bullfrog misses you. The bullfrog hits you!
You die...
Your body crumbles into a pile of gold.

# ######### ##
#.......# ##.
#.......# #..
#.......# #[#
#.......# #..
#.......# ##.
#F$.....# #.
#.@.....# #.
##.....## #.
#.....# #. #.....#
#######. #.....###
#.......
#...........#####.
#...........#####.
#...........##....
#...........##....


You could see a bullfrog.

Vanquished Creatures
  4 gnolls (D:2)
  3 adders (D:3)
  A worm (D:2)
  2 dart slugs (D:1)
  3 leopard geckos
  6 orcs (D:3)
  3 ball pythons
  5 giant cockroaches
  8 goblins
  6 hobgoblins
  A quokka (D:2)
  10 bats
  6 frilled lizards
  8 kobolds
  13 rats
79 creatures vanquished.

Notes
Turn   | Place    | Note
-------+----------+-------------------------------------------
     0 | D:1      | Hasart the Octopode Ice Elementalist began the quest for the Orb.
     0 | D:1      | Reached XP level 1. HP: 11/11 MP: 3/3
   368 | D:1      | Reached XP level 2. HP: 13/17 MP: 0/5
   725 | D:1      | Reached XP level 3. HP: 19/21 MP: 6/6
  1396 | D:2      | Reached skill level 4 in Ice Magic
  1825 | D:2      | Reached XP level 4. HP: 10/27 MP: 4/8
  1826 | D:2      | Found an opulent altar of Gozag.
  1834 | D:2      | Became a worshipper of Gozag Ym Sagoz the Greedy
  2422 | D:2      | Learned a level 4 spell: Throw Icicle
  2426 | D:2      | Learned a level 3 spell: Ozocubu's Armour
  2565 | D:3      | Found a faded altar of an unknown god.
  2575 | D:3      | Reached XP level 5. HP: 23/31 MP: 9/9
  2668 | D:3      | Reached skill level 5 in Ice Magic
  2912 | D:3      | Found a sparkling altar of Nemelex Xobeh.
  3076 | D:3      | Slain by a bullfrog

Vault maps used:
D:1:      lemuel_arrival_muddy, minmay_misc_feat_columns
D:2:      nicolae_gozag_seed_capital
D:3:      first_bread, chequers_ecumenical_altar_simple_redux,
          nemelex_diamond_rough_becter

Skill      XL: |  1  2  3  4  5 |
---------------+----------------+-----
Ice Magic      | 4 5 |  5.1
Spellcasting   | 3 |  3.2
Dodging        | |  2.0
Stealth        | |  2.6
Conjurations   | |  1.0

Action                   |  1- 3 |  4- 6 || total
-------------------------+-------+-------++-------
Melee: Unarmed           |    10 |       ||    10
       Constrict         |    23 |    15 ||    38
       Tentacles         |    11 |     5 ||    16
       Short sword       |    38 |       ||    38
       War axe           |    22 |    56 ||    78
 Cast: Freeze            |    21 |     6 ||    27
       Ozocubu's Armour  |       |     1 ||     1
Invok: Potion Petition   |       |     1 ||     1
 Stab: Sleeping          |     9 |     6 ||    15
       Invisible         |       |     2 ||     2
       Distracted        |       |     1 ||     1
  Eat: Chunk             |     3 |     1 ||     4
       Meat ration       |       |     1 ||     1
Armor: Skin              |     8 |     8 ||    16
Dodge: Dodged            |    62 |    50 ||   112

Table legend:
 A = Spawn XP
 B = Non-spawn XP
 C = Spawn XP percentage of total XP
 D = Spawn monster count
 E = Non-spawn monster count
 F = Spawn count percentage of total count
 G = Total turns spent on level
                    A         B        C        D         E        F      G
               +---------+---------+-------+---------+---------+-------+---------
         Total |       0 |     229 |   0.0 |       0 |      79 |   0.0 |  3076
               +---------+---------+-------+---------+---------+-------+---------
           D:1 |       0 |      47 |   0.0 |       0 |      27 |   0.0 |  1363
           D:2 |       0 |     103 |   0.0 |       0 |      31 |   0.0 |  1076
           D:3 |       0 |      79 |   0.0 |       0 |      21 |   0.0 |   637
               +---------+---------+-------+---------+---------+-------+---------
